 Dungeon Crawl Stone Soup version bcrawl-1.40.3b (webtiles) character file.

Game seed: 16334780144120970599

148677 rumpelstilzz the Grasshopper (level 4, -4/42 HPs)
             Began as a Troll Warper on Jan 8, 2024.
             Slain by a +0 hand axe (5 damage)
             ... on level 3 of the Dungeon.
             The game lasted 00:04:33 (1764 turns).

rumpelstilzz the Grasshopper (Troll Warper)         Turns: 1764, Time: 00:04:33

Health: -4/42      AC:  6    Str: 19    XL:     4   Next: 53%
Magic:  5/5        EV: 10    Int: 10    God:
Gold:   198        SH:  0    Dex: 10    Spells: 4/6 levels left

rFire    . . .     GDR:     26% a - +0 club
rCold    . . .     SeeInvis .   (no shield)
rNeg     . . .     Gourm    +   (armour unavailable)
rPois    .         Faith    .   (helmet restricted)
rElec    .         Spirit   .   h - +0 cloak
rCorr    .         Reflect  .   (gloves unavailable)
MR       .....                  (boots unavailable)
Stlth    +.........             (no amulet)
HPRegen  0.57/turn              (no ring)
MPRegen  0.09/turn              (no ring)

@: no status effects
A: large, almost no armour, claws 3, fast metabolism 3, gourmand, regeneration
1, AC +5
a: no special abilities


You were on level 3 of the Dungeon.
You were not hungry.

You visited 1 branch of the dungeon, and saw 3 of its levels.

You collected 198 gold pieces.

Inventory:

Hand Weapons
 a - a +0 club (weapon)
Missiles
 d - 92 large rocks (quivered)
 f - 2 throwing nets {=f}
 g - 61 poisoned tomahawks
 k - 930 stones
Armour
 h - a +0 cloak (worn)
Jewellery
 l - a +2 amulet of reflection {unknown}
 u - an uncursed ring of see invisible {unknown}
Wands
 s - a wand of disintegration (9)
Scrolls
 c - a scroll of blinking
 i - 5 scrolls of identify
 j - a scroll of teleportation
 m - a scroll of immolation {unknown}
 o - a scroll of enchant armour {unknown}
 p - a scroll of fear {unknown}
 r - a scroll of revelation {unknown}
Potions
 b - a potion of heal wounds {unknown}
 n - a potion of flight {unknown}
 q - a potion of agility {unknown}
 t - a potion of mutation {unknown}
Comestibles
 e - 7 rations {!d}


   Skills:
 + Level 2.1 Fighting
 + Level 2.0 Maces & Flails
 + Level 2.0 Throwing
 + Level 2.1 Dodging
 + Level 0.3 Stealth
 + Level 1.8 Spellcasting
 + Level 2.5 Translocations


You had 4 spell levels left.
You knew the following spells:

 Your Spells              Type           Power        Failure   Level  Hunger
a - Blink Other           Tloc           #.....       11%         1    None
b - Apportation           Tloc           #.....       11%         1    None

Your spell library contained the following spells:

 Spells                   Type           Power        Failure   Level  Hunger
 Blink                    Tloc           N/A          17%         2    ###....
 Portal Projectile        Tloc           #.....       32%         3    ####...
 Teleport Other           Tloc           #.......     32%         3    ####...
 Passage of Golubria      Tloc           N/A          97%         5    #######


Dungeon Overview and Level Annotations

Branches:
Dungeon (3/12)

Altars:


Innate Abilities, Weirdness & Mutations

You cannot wear most types of armour.
Your thick skin is tough. (AC +5)
You are too large for most types of armour.
You have claws for hands.
Your metabolism is lightning-fast.
You like to eat raw meat.
Your natural rate of healing is unusually fast.


Message History

You see here 184 bolts.
You hear a grinding noise.
t - a smoky silvery potion You hear a grinding noise. x2
u - a garnet ring A +0 hand axe comes into view.
You have encountered a dangerous foe!
You see here a leather armour.
You hit the +0 hand axe.
The +0 hand axe is lightly damaged.
The +0 hand axe hits you but does no damage.
The +0 hand axe hits you!
You hit the +0 hand axe but do no damage.
The +0 hand axe hits you.
You miss the +0 hand axe. The +0 hand axe hits you! The +0 hand axe hits you.
You hit the +0 hand axe but do no damage.
The +0 hand axe hits you!
* * * LOW HITPOINT WARNING * * *
The +0 hand axe hits you.
You die...

..............?. .
..##.#......##.##
. #.#.....#.#.#
#.###.###.####...
#.........# #.##
#######(### ..#
#.# #.# #.# #.#
#.# #@# #.# #(#
##.# #.#
#..########.#
#...........#
#......##........#
#.........########
..........###
...........#


You could see a +0 hand axe.

Vanquished Creatures
  An orc wizard (D:3)
  Robin (D:3)
  An ooze (D:3)
  A worm (D:2)
  A dart slug (D:2)
  2 leopard geckos (D:1)
  2 orcs (D:3)
  2 giant cockroaches
  8 goblins
  5 hobgoblins
  7 jackals
  2 ball pythons
  6 bats
  3 frilled lizards
  6 kobolds
  4 rats
52 creatures vanquished.

Notes
Turn   | Place    | Note
-------+----------+-------------------------------------------
     0 | D:1      | rumpelstilzz the Troll Warper began the quest for the Orb.
     0 | D:1      | Reached XP level 1. HP: 19/19 MP: 2/2
   334 | D:1      | Reached XP level 2. HP: 24/28 MP: 3/3
   959 | D:2      | Reached XP level 3. HP: 32/35 MP: 4/4
  1351 | D:2      | Reached skill level 1 in Maces & Flails
  1531 | D:3      | Gained mutation: Your natural rate of healing is unusually
                  | fast. [Troll growth]
  1531 | D:3      | Reached XP level 4. HP: 42/42 MP: 5/5
  1534 | D:3      | Noticed Robin
  1563 | D:3      | Killed Robin
  1754 | D:3      | Noticed a +0 hand axe
  1764 | D:3      | HP: 1/42 [+0 hand axe (15)]
  1764 | D:3      | Slain by a +0 hand axe

Skill      XL: |  1  2  3  4 |
---------------+-------------+-----
Fighting       | 2 |  2.1
Maces & Flails | 1 2 |  2.0
Dodging        | 2 |  2.1
Throwing       | 2 |  2.0
Stealth        | |  0.3
Spellcasting   | |  1.8
Translocations | |  2.5

Action                   |  1- 3 |  4- 6 || total
-------------------------+-------+-------++-------
Melee: Club              |   205 |    59 ||   264
       Dagger            |     7 |       ||     7
Throw: Large rock        |     8 |       ||     8
  Use: Scroll            |     1 |       ||     1
  Eat: Chunk             |    15 |     5 ||    20
Armor: Skin              |   107 |    20 ||   127
Dodge: Dodged            |   153 |    46 ||   199
